 Dungeon Crawl Stone Soup version 0.21.0 (webtiles) character file.

243 pstr the Magician (level 5, -2/24 HPs)
             Began as a Spriggan Earth Elementalist on Jan 7, 2018.
             Slain by an orc warrior
             ... wielding a +0 glaive
              (3 damage)
             ... on level 4 of the Dungeon.
             The game lasted 00:10:33 (4512 turns).

pstr the Magician (Spriggan Earth Elementalist)     Turns: 4512, Time: 00:10:34

Health: -2/24      AC:  2    Str:  4    XL:     5   Next: 82%
Magic:  10/13      EV: 19    Int: 18    God:
Gold:   131        SH:  0    Dex: 21    Spells: 10/14 levels left

rFire    . . .     SeeInvis +   s - +2 dagger (venom)
rCold    . . .     Gourm    .   (shield restricted)
rNeg     . . .     Faith    .   c - +0 robe
rPois    .         Spirit   .   (helmet restricted)
rElec    .         Reflect  .   (no cloak)
rCorr    .         Harm     .   (gloves unavailable)
MR       .....                  (boots unavailable)
Stlth    +++.......             t - amulet of inaccuracy (curse)
HPRegen  0.08/turn              i - ring of see invisible
MPRegen  0.13/turn              y - +5 ring of dexterity

@: very quick
A: very small, unfitting armour, see invisible, herbivore, speed 3, slow
metabolism 2
a: no special abilities


You were on level 4 of the Dungeon.
You were near starving.

You visited 1 branch of the dungeon, and saw 4 of its levels.

You collected 131 gold pieces.

Inventory:

Hand Weapons
 o - a +0 short sword
 s - a +2 dagger of venom (weapon)
 u - a +0 short sword
Missiles
 b - 22 stones (quivered)
 p - 28 arrows
Armour
 c - a +0 robe (worn)
Jewellery
 i - a ring of see invisible (left hand)
 t - a cursed amulet of inaccuracy (around neck)
 y - a +5 ring of dexterity (right hand)
Wands
 r - a wand of disintegration (8)
Scrolls
 a - 3 scrolls of teleportation {unknown}
 g - 2 scrolls of immolation {unknown}
 h - 4 scrolls of amnesia {unknown}
 j - 2 scrolls of fog {unknown}
 l - 4 scrolls of identify {unknown}
 q - a scroll of remove curse {unknown}
 x - a scroll of enchant weapon {unknown}
Potions
 f - a potion of agility {unknown}
 k - 2 potions of brilliance {unknown}
 m - 2 potions of ambrosia {unknown}
 n - a potion of mutation {unknown}
 v - 2 potions of invisibility {unknown}
 w - a potion of cancellation {unknown}
 z - a potion of berserk rage {unknown}
 A - a potion of resistance {unknown}
Books
 e - a book of Geomancy

   Spells                             Type                      Level
   a - Sandblast                      Earth                        1
   b - Passwall                       Transmutation/Earth          2
   c - Stone Arrow                    Conjuration/Earth            3
   d - Petrify                        Transmutation/Earth          4
   e - Lee's Rapid Deconstruction     Earth                        5
Comestibles
 d - 6 rations


   Skills:
 + Level 0.2 Fighting
 + Level 0.3 Short Blades
 + Level 3.4 Dodging
 + Level 4.4 Stealth
 + Level 5.0 Spellcasting
 + Level 0.9 Conjurations
   Level 1.3 Transmutations
 + Level 4.1 Earth Magic


You had 10 spell levels left.
You knew the following spells:

 Your Spells              Type           Power        Failure   Level  Hunger
a - Sandblast             Erth           ###...       2%          1    None
b - Stone Arrow           Conj/Erth      ##....       14%         3    ##.....


Dungeon Overview and Level Annotations

Branches:
Dungeon (4/15)
 Temple: D:4-7

Altars:
Kikubaaqudgha
Sif Muna
Wu Jian
Yredelemnul
Zin


Innate Abilities, Weirdness & Mutations

You are very small and have problems with some larger weapons.
You are too small for most types of armour.
You have supernaturally acute eyesight. (SInv)
You are a herbivore.
You cover ground extremely quickly.
You need consume almost no food.


Message History

There is a stone staircase leading down here.
You climb downwards.
An orc comes into view.
The orc warrior completely misses you. The orc barely misses you.
There is a stone staircase leading up, spattered with blood here.
Casting: Sandblast
Confirm with . or Enter, or press ? or * to list all spells.
Aiming: Stone Arrow
Press: ? - help, Shift-Dir - straight line, f - orc
Aim: an orc, wielding a hand axe The stone arrow misses the orc.
The orc shouts!
The orc hits you with a hand axe.
The orc warrior hits you with a glaive!!
Ouch! That really hurt!
* * * LOW HITPOINT WARNING * * *
The orc wizard gestures wildly while chanting.
The orc wizard seems to speed up.
The orc hits you but does no damage. The orc warrior hits you with a glaive.
You die...

....#./#....#.
. .....!......#
..#..?........#
..............#
............#
#.##..........#
.o....o........
#..o..@.รท....#
...##...o.....#
#.........#
...........>
.....##...##.
.[..... ##...
....... #...
......# ##.


You could see an orc warrior, an orc wizard and 2 orcs.

Vanquished Creatures
  A hound (D:3)
  An iguana (D:4)
  Natasha (D:2)
  4 gnolls
  3 adders
  An ooze (D:2)
  A leopard gecko (D:3)
  8 orcs (D:3)
  10 bats
  A giant cockroach (D:2)
  11 goblins
  6 hobgoblins
  8 jackals (D:1)
  9 kobolds
  2 quokkas (D:3)
  4 frilled lizards
  12 rats
83 creatures vanquished.

Notes
Turn   | Place    | Note
-------+----------+-------------------------------------------
     0 | D:1      | pstr the Spriggan Earth Elementalist began the quest for the Orb.
     0 | D:1      | Reached XP level 1. HP: 9/9 MP: 5/5
   301 | D:1      | Reached XP level 2. HP: 10/13 MP: 4/6
   307 | D:2      | Reached skill level 3 in Spellcasting
  1120 | D:2      | Reached XP level 3. HP: 13/16 MP: 6/9
  1161 | D:2      | Reached skill level 4 in Spellcasting
  1453 | D:1      | Reached XP level 4. HP: 12/21 MP: 3/11
  1460 | D:1      | Learned a level 3 spell: Stone Arrow
  1922 | D:2      | Found a deep blue altar of Sif Muna.
  2558 | D:2      | Noticed Natasha
  2563 | D:2      | Killed Natasha
  2716 | D:2      | Found an ornate altar of the Wu Jian Council.
  2784 | D:3      | Reached XP level 5. HP: 24/24 MP: 0/13
  3789 | D:3      | Found a glowing silver altar of Zin.
  4004 | D:3      | Found an ancient bone altar of Kikubaaqudgha.
  4224 | D:3      | Found a basalt altar of Yredelemnul.
  4292 | D:4      | Noticed an orc warrior
  4293 | D:4      | Reached skill level 5 in Spellcasting
  4511 | D:4      | HP: 1/24 [orc warrior/glaive (20)]
  4512 | D:4      | Slain by an orc warrior

Skill      XL: |  1  2  3  4  5 |
---------------+----------------+-----
Earth Magic    | 3 4 |  4.1
Spellcasting   | 3 4 5 |  5.0
Stealth        | 4 |  4.4
Fighting       | |  0.2
Short Blades   | |  0.3
Dodging        | |  3.4
Conjurations   | |  0.9
Transmutations | |  1.3

Action                   |  1- 3 |  4- 6 || total
-------------------------+-------+-------++-------
Melee: Unarmed           |     1 |       ||     1
       Dagger            |       |    27 ||    27
 Cast: Sandblast         |    50 |    19 ||    69
       Stone Arrow       |       |    58 ||    58
  Eat: Ration            |       |     2 ||     2
Armor: Robe              |     7 |     4 ||    11
Dodge: Dodged            |    53 |    62 ||   115
